[ AOE2 MATCH · #474851262 ]
UnrankedVietnamese vs Ethiopians
[ REPLAY ANALYSIS · EXTRACTED FROM THE RECORDED GAME ]
Feudal
11:52
Castle
16:40
Imperial
27:38
| APM avg | 29.2 |
| APM peak | 55 |
| eAPM avg | 22.7 |
| Villagers / military | 92 / 198 |
Focus
⚔️ 32.4% · 🌾 67.6%
Spearman ×100 · Rattan Archer ×58 · Fire Lancer ×34 · Fishing Ship ×33 · Trade Cart ×18 · Trebuchet (Packed) ×5
Feudal
13:01
Castle
20:54
Imperial
37:15
| APM avg | 31.9 |
| APM peak | 63 |
| eAPM avg | 23.5 |
| Villagers / military | 108 / 114 |
Focus
⚔️ 27.2% · 🌾 72.8%
Skirmisher ×60 · Archer ×38 · Shotel Warrior ×13 · Militia ×3
Feudal
12:21
Castle
18:19
Imperial
29:26
| APM avg | 31.8 |
| APM peak | 60 |
| eAPM avg | 24.1 |
| Villagers / military | 159 / 151 |
Focus
⚔️ 36.6% · 🌾 63.4%
Mangudai ×121 · Fishing Ship ×27 · Battering Ram ×27 · Trebuchet (Packed) ×2 · Monk ×1
Feudal
8:58
Castle
20:24
Imperial
—
| APM avg | 21.9 |
| APM peak | 78 |
| eAPM avg | 11.4 |
| Villagers / military | 48 / 50 |
Focus
⚔️ 42.2% · 🌾 57.8%
Scout Cavalry ×29 · Steppe Lancer ×10 · Battering Ram ×8 · Iron Pagoda ×3
Feudal
12:53
Castle
16:28
Imperial
28:00
| APM avg | 38.4 |
| APM peak | 99 |
| eAPM avg | 21.2 |
| Villagers / military | 119 / 292 |
Focus
⚔️ 34.2% · 🌾 65.8%
Spearman ×220 · Skirmisher ×25 · Hand Cannoneer ×20 · Bombard Cannon ×17 · Monk ×10 · Fishing Ship ×8
Feudal
11:18
Castle
14:32
Imperial
31:59
| APM avg | 40.8 |
| APM peak | 79 |
| eAPM avg | 29.7 |
| Villagers / military | 133 / 194 |
Focus
⚔️ 30.2% · 🌾 69.8%
War Elephant ×192 · Fishing Ship ×37 · Trade Cart ×18 · Monk ×1 · Trebuchet (Packed) ×1
Feudal
11:22
Castle
14:32
Imperial
29:44
| APM avg | 27.4 |
| APM peak | 98 |
| eAPM avg | 22.3 |
| Villagers / military | 213 / 260 |
Focus
⚔️ 27.8% · 🌾 72.2%
Battle Elephant ×258 · Monk ×2
Feudal
12:18
Castle
18:25
Imperial
33:13
| APM avg | 28.9 |
| APM peak | 56 |
| eAPM avg | 21.9 |
| Villagers / military | 157 / 77 |
Focus
⚔️ 34.7% · 🌾 65.3%
Unknown (2550) ×145 · Spearman ×74 · Fishing Ship ×18 · Mangonel ×2 · Monk ×1
Match map
Initial resources + every placement click. Lines = walls · curves = elevation contours. ◆ gold · ⬟ stone · ● berries · ✦ relic · ◌ wall gap
Your base· ✓ Closed at 16:40 · 30t walls · no gate
noob's base· Open — opponent sealed themselves in
dadadada's base· ✓ Closed at 18:19 · 0t walls · no gate
The•Real•SuperStar☺'s base· Open — opponent sealed themselves in
2-ray's base· Open — opponent sealed themselves in
鼠條's base· ✓ Closed at 14:32 · 0t walls · no gate
Artacus's base· Open — opponent sealed themselves in
The Sage's base· ✓ Closed at 18:25 · 21t walls · no gate
Smoothed initial terrain · ◌ = detected wall gap · hover for details
Inputs per minute
— PedrodeMatos - - noob
Build order — PedrodeMatos
First 150 of 389 actions detected
| 0:02 | Create | Villager (Male) |
| 0:03 | Build | House |
| 0:09 | Research | Loom |
| 0:12 | Research | Loom |
| 0:21 | Build | Palisade Wall |
| 0:24 | Build | Palisade Wall |
| 0:32 | Build | Palisade Wall |
| 0:37 | Create | Villager (Male) |
| 0:41 | Build | Palisade Wall |
| 0:59 | Create | Villager (Male) |
| 1:18 | Create | Villager (Male) |
| 1:50 | Build | Lumber Camp |
| 1:52 | Create | Villager (Male) |
| 2:13 | Build | House |
| 2:30 | Create | Villager (Male) |
| 2:53 | Create | Villager (Male) |
| 3:25 | Create | Villager (Male) |
| 3:37 | Build | House |
| 3:44 | Create | Villager (Male) |
| 4:08 | Create | Villager (Male) |
| 4:16 | Build | House |
| 4:49 | Create | Villager (Male) |
| 5:15 | Create | Villager (Male) |
| 5:57 | Build | Dock |
| 6:03 | Create | Villager (Male) |
| 6:19 | Create | Villager (Male) |
| 6:37 | Build | House |
| 6:40 | Create | Fishing Ship |
| 6:52 | Create | Villager (Male) |
| 6:59 | Create | Fishing Ship |
| 7:19 | Create | Villager (Male) |
| 7:39 | Create | Fishing Ship |
| 7:41 | Create | Villager (Male) |
| 8:05 | Create | Villager (Male) |
| 8:12 | Build | Mill |
| 8:28 | Create | Villager (Male) |
| 8:46 | Create | Fishing Ship |
| 8:46 | Create | Fishing Ship |
| 9:08 | Create | Villager (Male) |
| 9:42 | Research | Feudal Age |
| 9:45 | Build | Mining Camp |
| 9:52 | Build | House |
| 9:54 | Build | House |
| 10:31 | Build | House |
| 11:52 | Age | Feudal Age |
| 11:53 | Build | Market |
| 11:57 | Create | Villager (Male) |
| 12:05 | Build | Blacksmith |
| 12:20 | Create | Villager (Male) |
| 12:26 | Create | Fishing Ship |
| 12:47 | Create | Villager (Male) |
| 13:13 | Build | Fish Trap |
| 13:17 | Create | Fishing Ship |
| 14:00 | Research | Castle Age |
| 14:00 | Research | Castle Age |
| 14:06 | Build | Fish Trap |
| 14:21 | Research | Double-Bit Axe |
| 14:45 | Research | Tech 906 |
| 14:55 | Build | Fish Trap |
| 15:01 | Build | Fish Trap |
| 15:12 | Create | Fishing Ship |
| 15:17 | Build | Fish Trap |
| 15:38 | Build | Lumber Camp |
| 16:12 | Create | Villager (Male) |
| 16:27 | Build | Fish Trap |
| 16:40 | Age | Castle Age |
| 17:02 | Build | Town Center |
| 17:06 | Create | Villager (Male) |
| 17:09 | Research | Bow Saw |
| 17:13 | Research | Gillnets |
| 17:19 | Create | Villager (Male) |
| 17:33 | Build | Dock |
| 17:38 | Build | House |
| 17:38 | Build | House |
| 17:42 | Create | Villager (Male) |
| 17:56 | Build | House |
| 17:58 | Build | House |
| 18:07 | Create | Villager (Male) |
| 18:07 | Create | Villager (Male) |
| 18:10 | Research | Wheelbarrow |
| 18:15 | Create | Fishing Ship |
| 18:16 | Create | Fishing Ship |
| 18:27 | Build | Dock |
| 18:33 | Build | Fish Trap |
| 18:37 | Create | Villager (Male) |
| 18:37 | Create | Villager (Male) |
| 18:52 | Build | Monastery |
| 19:00 | Create | Villager (Male) |
| 19:00 | Create | Villager (Male) |
| 19:18 | Build | Fish Trap |
| 19:23 | Build | Fish Trap |
| 19:24 | Create | Fishing Ship |
| 19:25 | Create | Fishing Ship |
| 19:25 | Create | Fishing Ship |
| 19:25 | Create | Fishing Ship |
| 19:30 | Build | House |
| 19:31 | Build | House |
| 19:36 | Build | House |
| 19:43 | Build | House |
| 19:44 | Build | House |
| 19:46 | Create | Villager (Male) |
| 19:46 | Create | Villager (Male) |
| 19:50 | Create | Fishing Ship |
| 19:51 | Create | Fishing Ship |
| 19:56 | Create | Monk |
| 20:18 | Build | Fish Trap |
| 20:20 | Build | Fish Trap |
| 20:22 | Create | Fishing Ship |
| 20:24 | Create | Villager (Male) ×4 |
| 20:34 | Build | House |
| 20:35 | Build | House |
| 20:36 | Build | House |
| 20:44 | Build | Fish Trap |
| 20:46 | Create | Fishing Ship |
| 20:51 | Build | Fish Trap |
| 20:52 | Create | Fishing Ship |
| 20:53 | Create | Fishing Ship |
| 20:55 | Create | Villager (Male) ×2 |
| 21:13 | Build | University |
| 21:22 | Build | Fish Trap |
| 21:24 | Create | Fishing Ship |
| 21:26 | Create | Villager (Male) |
| 21:26 | Create | Villager (Male) |
| 21:38 | Build | Fish Trap |
| 21:44 | Build | Fish Trap |
| 21:50 | Build | Fish Trap |
| 21:53 | Create | Fishing Ship |
| 21:55 | Create | Villager (Male) |
| 21:55 | Create | Villager (Male) |
| 22:14 | Build | Fish Trap |
| 22:18 | Create | Fishing Ship |
| 22:19 | Create | Fishing Ship |
| 22:19 | Create | Fishing Ship |
| 22:20 | Create | Villager (Male) |
| 22:20 | Create | Villager (Male) |
| 22:40 | Build | Fish Trap |
| 22:42 | Create | Fishing Ship |
| 22:43 | Create | Villager (Male) |
| 22:43 | Create | Villager (Male) |
| 22:46 | Build | Lumber Camp |
| 22:57 | Create | Fishing Ship |
| 22:57 | Create | Fishing Ship |
| 22:58 | Create | Fishing Ship |
| 23:04 | Build | Fish Trap |
| 23:09 | Build | Fish Trap |
| 23:13 | Build | House |
| 23:13 | Build | House |
| 23:14 | Build | House |
| 23:16 | Build | House |
| 23:18 | Build | House |
Build order — noob
First 150 of 333 actions detected
| 0:02 | Create | Villager (Male) |
| 0:03 | Build | House |
| 0:04 | Build | House |
| 0:16 | Create | Villager (Male) |
| 0:16 | Create | Villager (Male) |
| 0:29 | Research | Loom |
| 0:33 | Create | Villager (Male) |
| 0:33 | Create | Villager (Male) |
| 2:32 | Create | Villager (Male) |
| 2:54 | Create | Villager (Male) |
| 3:44 | Build | Palisade Wall |
| 3:47 | Build | Palisade Wall |
| 3:53 | Create | Villager (Male) |
| 4:04 | Build | Lumber Camp |
| 4:13 | Create | Villager (Male) |
| 4:50 | Create | Villager (Male) |
| 4:51 | Create | Villager (Male) |
| 5:26 | Create | Villager (Male) |
| 5:53 | Build | House |
| 6:06 | Create | Villager (Male) |
| 6:07 | Create | Villager (Male) |
| 6:22 | Build | House |
| 6:38 | Create | Villager (Male) |
| 7:18 | Create | Villager (Male) |
| 7:23 | Create | Villager (Male) |
| 7:42 | Build | Palisade Wall |
| 7:50 | Create | Villager (Male) |
| 7:59 | Create | Villager (Male) |
| 8:43 | Create | Villager (Male) |
| 8:48 | Build | Barracks |
| 9:19 | Create | Villager (Male) |
| 10:01 | Create | Villager (Male) |
| 10:01 | Create | Villager (Male) |
| 10:07 | Build | House |
| 10:31 | Research | Feudal Age |
| 10:42 | Build | Lumber Camp |
| 10:52 | Create | Militia |
| 10:56 | Create | Militia |
| 11:22 | Build | Mining Camp |
| 11:33 | Create | Militia |
| 11:41 | Build | House |
| 11:45 | Build | House |
| 12:06 | Build | Mill |
| 12:51 | Create | Villager (Male) |
| 12:53 | Build | Farm |
| 12:53 | Build | Farm |
| 13:01 | Age | Feudal Age |
| 13:13 | Build | Archery Range |
| 13:29 | Create | Villager (Male) |
| 13:29 | Create | Villager (Male) |
| 13:32 | Research | Double-Bit Axe |
| 13:37 | Build | Farm |
| 13:37 | Build | Farm |
| 14:13 | Research | Horse Collar |
| 14:15 | Build | Farm |
| 14:16 | Build | Farm |
| 14:19 | Build | Farm |
| 14:25 | Build | House |
| 14:26 | Build | House |
| 14:53 | Build | Farm |
| 14:56 | Build | Farm |
| 15:29 | Build | Farm |
| 15:29 | Build | Farm |
| 15:39 | Build | Farm |
| 15:58 | Create | Villager (Male) |
| 15:58 | Create | Villager (Male) |
| 16:01 | Build | Farm |
| 16:35 | Build | Farm |
| 16:40 | Build | House |
| 17:08 | Build | Market |
| 17:10 | Build | Palisade Wall |
| 17:13 | Build | Palisade Wall |
| 17:28 | Build | Palisade Wall |
| 17:34 | Create | Villager (Male) |
| 17:35 | Build | Farm |
| 17:37 | Build | Farm |
| 17:59 | Build | Outpost |
| 18:14 | Research | Castle Age |
| 18:27 | Build | Outpost |
| 18:44 | Build | Outpost |
| 19:00 | Build | Archery Range |
| 19:30 | Create | Villager (Male) |
| 19:31 | Create | Villager (Male) |
| 19:41 | Build | Palisade Wall |
| 19:42 | Build | Palisade Wall |
| 20:11 | Build | Outpost |
| 20:42 | Create | Archer |
| 20:42 | Create | Archer |
| 20:43 | Create | Archer |
| 20:43 | Create | Archer |
| 20:50 | Build | Outpost |
| 20:54 | Age | Castle Age |
| 20:57 | Build | Town Center |
| 21:13 | Build | Blacksmith |
| 21:26 | Create | Villager (Male) |
| 21:26 | Create | Villager (Male) |
| 21:27 | Create | Villager (Male) |
| 21:27 | Create | Villager (Male) |
| 21:36 | Create | Villager (Male) |
| 21:36 | Create | Villager (Male) |
| 21:36 | Create | Villager (Male) |
| 21:44 | Research | Wheelbarrow |
| 21:52 | Research | Crossbowman (upgrade) |
| 22:07 | Build | Farm |
| 22:13 | Create | Villager (Male) |
| 22:14 | Create | Villager (Male) |
| 22:25 | Research | Town Watch |
| 22:41 | Create | Archer |
| 22:54 | Research | Gold Mining |
| 23:06 | Create | Villager (Male) |
| 23:06 | Create | Villager (Male) |
| 23:21 | Build | Town Center |
| 23:27 | Create | Archer |
| 23:32 | Research | Fletching |
| 23:49 | Create | Archer |
| 23:49 | Create | Archer |
| 23:54 | Create | Villager (Male) |
| 23:55 | Create | Villager (Male) |
| 23:55 | Create | Villager (Male) |
| 24:18 | Create | Villager (Male) |
| 24:18 | Create | Villager (Male) |
| 24:19 | Create | Villager (Male) |
| 24:19 | Create | Villager (Male) |
| 24:26 | Build | House |
| 24:28 | Build | House |
| 25:00 | Research | Bodkin Arrow |
| 25:01 | Create | Villager (Male) |
| 25:02 | Create | Villager (Male) |
| 25:02 | Create | Villager (Male) |
| 25:02 | Create | Villager (Male) |
| 25:06 | Build | House |
| 25:07 | Build | House |
| 25:32 | Create | Archer |
| 25:32 | Create | Archer |
| 25:41 | Create | Villager (Male) |
| 25:42 | Create | Villager (Male) |
| 25:42 | Create | Villager (Male) |
| 25:43 | Build | Farm |
| 25:44 | Build | Farm |
| 25:44 | Build | Farm |
| 26:34 | Create | Villager (Male) |
| 26:34 | Create | Villager (Male) |
| 26:34 | Create | Villager (Male) |
| 26:34 | Create | Villager (Male) |
| 26:40 | Build | Town Center |
| 26:45 | Build | Farm |
| 26:45 | Build | Farm |
| 26:46 | Build | Farm |
| 27:04 | Create | Villager (Male) |
| 27:05 | Create | Villager (Male) |
Build order — dadadada
First 150 of 448 actions detected
| 0:00 | Create | Villager (Male) |
| 0:01 | Create | Villager (Male) |
| 0:02 | Build | House |
| 0:03 | Build | House |
| 0:07 | Create | Villager (Male) |
| 0:09 | Create | Villager (Male) |
| 0:09 | Create | Villager (Male) |
| 1:23 | Create | Villager (Male) |
| 2:13 | Create | Villager (Male) |
| 2:15 | Build | Lumber Camp |
| 2:33 | Create | Villager (Male) |
| 2:34 | Create | Villager (Male) |
| 2:58 | Create | Villager (Male) |
| 3:12 | Create | Villager (Male) |
| 4:05 | Create | Villager (Male) |
| 4:05 | Create | Villager (Male) |
| 4:09 | Create | Villager (Male) |
| 4:34 | Build | House |
| 4:54 | Create | Villager (Male) |
| 5:15 | Build | Dock |
| 5:28 | Create | Villager (Male) |
| 5:29 | Create | Villager (Male) |
| 5:55 | Build | House |
| 6:08 | Create | Fishing Ship |
| 6:24 | Create | Villager (Male) |
| 6:25 | Create | Villager (Male) |
| 6:46 | Build | House |
| 6:51 | Research | Loom |
| 6:55 | Create | Fishing Ship |
| 6:58 | Create | Villager (Male) |
| 6:58 | Create | Villager (Male) |
| 7:01 | Create | Villager (Male) |
| 7:04 | Create | Villager (Male) |
| 7:20 | Create | Fishing Ship |
| 7:32 | Create | Villager (Male) |
| 7:32 | Create | Villager (Male) |
| 7:40 | Create | Fishing Ship |
| 8:38 | Build | House |
| 8:48 | Create | Fishing Ship |
| 8:50 | Create | Villager (Male) |
| 8:50 | Create | Villager (Male) |
| 8:59 | Build | Mill |
| 9:26 | Build | Mining Camp |
| 9:32 | Create | Fishing Ship |
| 10:05 | Research | Feudal Age |
| 10:16 | Create | Fishing Ship |
| 10:19 | Create | Villager (Male) |
| 11:12 | Create | Fishing Ship |
| 11:37 | Build | House |
| 11:54 | Create | Villager (Male) |
| 12:21 | Age | Feudal Age |
| 12:23 | Create | Villager (Male) |
| 12:25 | Build | Blacksmith |
| 12:30 | Build | Market |
| 12:41 | Build | Fish Trap |
| 12:46 | Build | Fish Trap |
| 12:50 | Research | Double-Bit Axe |
| 12:50 | Create | Villager (Male) |
| 12:55 | Build | Fish Trap |
| 13:02 | Build | Fish Trap |
| 13:08 | Build | Fish Trap |
| 13:20 | Create | Villager (Male) |
| 13:36 | Create | Fishing Ship |
| 13:41 | Build | Fish Trap |
| 13:47 | Create | Villager (Male) |
| 13:59 | Build | Fish Trap |
| 14:04 | Build | Fish Trap |
| 14:11 | Create | Villager (Male) |
| 14:12 | Create | Fishing Ship |
| 14:23 | Build | Fish Trap |
| 14:36 | Create | Villager (Male) |
| 14:42 | Build | House |
| 14:48 | Create | Fishing Ship |
| 14:58 | Create | Fishing Ship |
| 15:07 | Build | Fish Trap |
| 15:21 | Build | Dock |
| 15:39 | Research | Castle Age |
| 15:55 | Build | Fish Trap |
| 15:59 | Create | Fishing Ship |
| 16:04 | Build | House |
| 16:17 | Research | Tech 906 |
| 16:19 | Create | Villager (Male) |
| 16:37 | Build | Fish Trap |
| 16:39 | Create | Fishing Ship |
| 16:45 | Build | Fish Trap |
| 17:05 | Build | House |
| 17:08 | Create | Fishing Ship |
| 17:10 | Create | Fishing Ship |
| 17:27 | Build | Fish Trap |
| 17:50 | Build | House |
| 17:51 | Build | House |
| 17:57 | Create | Fishing Ship |
| 17:59 | Create | Fishing Ship |
| 18:03 | Build | Fish Trap |
| 18:18 | Build | Fish Trap |
| 18:19 | Age | Castle Age |
| 18:21 | Create | Villager (Male) |
| 18:21 | Create | Villager (Male) |
| 18:32 | Build | Town Center |
| 18:34 | Create | Villager (Male) |
| 18:59 | Build | Fish Trap |
| 19:04 | Build | Fish Trap |
| 19:05 | Create | Villager (Male) |
| 19:13 | Create | Villager (Male) |
| 19:25 | Build | Town Center |
| 19:31 | Create | Villager (Male) |
| 19:34 | Create | Fishing Ship |
| 19:49 | Create | Villager (Male) |
| 20:08 | Create | Villager (Male) |
| 20:10 | Create | Fishing Ship |
| 20:12 | Create | Fishing Ship |
| 20:14 | Create | Villager (Male) |
| 20:24 | Build | Fish Trap |
| 20:26 | Create | Villager (Male) |
| 20:27 | Create | Villager (Male) |
| 20:34 | Create | Villager (Male) |
| 20:35 | Create | Villager (Male) |
| 20:39 | Create | Villager (Male) |
| 20:49 | Build | Monastery |
| 20:51 | Create | Villager (Male) |
| 20:52 | Create | Villager (Male) |
| 20:53 | Create | Villager (Male) |
| 21:00 | Build | Fish Trap |
| 21:05 | Build | Fish Trap |
| 21:06 | Create | Villager (Male) |
| 21:06 | Create | Villager (Male) |
| 21:10 | Research | Wheelbarrow |
| 21:12 | Create | Villager (Male) |
| 21:15 | Research | Gold Mining |
| 21:33 | Create | Villager (Male) |
| 21:35 | Create | Monk |
| 21:38 | Create | Villager (Male) |
| 21:41 | Create | Villager (Male) |
| 21:44 | Research | Stone Mining |
| 21:51 | Create | Villager (Male) |
| 21:59 | Build | Town Center |
| 22:02 | Create | Villager (Male) |
| 22:03 | Create | Villager (Male) |
| 22:05 | Create | Villager (Male) |
| 22:07 | Build | Mining Camp |
| 22:13 | Create | Villager (Male) |
| 22:14 | Create | Villager (Male) |
| 22:19 | Create | Fishing Ship |
| 22:23 | Create | Villager (Male) |
| 22:24 | Create | Villager (Male) |
| 22:34 | Create | Villager (Male) |
| 22:41 | Create | Villager (Male) |
| 22:46 | Research | Stone Shaft Mining |
| 22:47 | Create | Villager (Male) |
| 22:51 | Create | Villager (Male) |
Build order — The•Real•SuperStar☺
First 150 of 160 actions detected
| 0:00 | Create | Villager (Male) |
| 0:00 | Create | Villager (Male) |
| 0:01 | Create | Villager (Male) |
| 0:02 | Build | House |
| 0:03 | Build | House |
| 0:11 | Create | Villager (Male) |
| 1:29 | Create | Villager (Male) |
| 1:46 | Build | Lumber Camp |
| 2:04 | Create | Villager (Male) |
| 2:04 | Create | Villager (Male) |
| 2:55 | Create | Villager (Male) |
| 2:55 | Create | Villager (Male) |
| 3:21 | Create | Villager (Male) |
| 3:38 | Build | House |
| 3:46 | Create | Villager (Male) |
| 3:47 | Create | Villager (Male) |
| 4:04 | Create | Villager (Male) |
| 4:52 | Build | Mill |
| 4:59 | Create | Villager (Male) |
| 4:59 | Create | Villager (Male) |
| 5:00 | Create | Villager (Male) |
| 6:16 | Create | Villager (Male) |
| 6:48 | Research | Feudal Age |
| 6:48 | Research | Feudal Age |
| 6:48 | Research | Feudal Age |
| 7:56 | Build | Barracks |
| 8:17 | Build | House |
| 8:58 | Age | Feudal Age |
| 8:58 | Create | Villager (Male) |
| 9:00 | Research | Double-Bit Axe |
| 9:00 | Research | Double-Bit Axe |
| 9:05 | Create | Villager (Male) |
| 9:16 | Create | Villager (Male) |
| 9:27 | Research | Tech 1014 |
| 9:27 | Research | Tech 1014 |
| 9:27 | Research | Tech 1014 |
| 9:27 | Research | Tech 1014 |
| 9:27 | Research | Tech 1014 |
| 9:45 | Build | Stable |
| 9:51 | Create | Villager (Male) |
| 9:54 | Build | Pasture |
| 10:02 | Build | House |
| 10:15 | Create | Villager (Male) |
| 10:39 | Create | Villager (Male) |
| 10:46 | Build | Pasture |
| 10:55 | Create | Scout Cavalry |
| 10:55 | Create | Scout Cavalry |
| 10:55 | Create | Scout Cavalry |
| 10:55 | Create | Scout Cavalry |
| 10:55 | Create | Scout Cavalry |
| 10:56 | Create | Scout Cavalry |
| 11:16 | Build | Pasture |
| 11:21 | Create | Villager (Male) |
| 11:34 | Build | Pasture |
| 11:38 | Create | Scout Cavalry |
| 11:38 | Create | Scout Cavalry |
| 11:43 | Build | House |
| 11:47 | Create | Villager (Male) |
| 12:01 | Create | Scout Cavalry |
| 12:01 | Create | Scout Cavalry |
| 12:01 | Create | Scout Cavalry |
| 12:01 | Create | Scout Cavalry |
| 12:14 | Create | Villager (Male) |
| 12:17 | Build | House |
| 12:20 | Create | Villager (Male) |
| 12:29 | Create | Scout Cavalry |
| 12:29 | Create | Scout Cavalry |
| 12:29 | Create | Scout Cavalry |
| 12:29 | Create | Scout Cavalry |
| 12:35 | Build | Pasture |
| 13:00 | Create | Scout Cavalry |
| 13:00 | Create | Scout Cavalry |
| 13:02 | Create | Villager (Male) |
| 13:20 | Create | Scout Cavalry |
| 13:30 | Create | Villager (Male) |
| 13:40 | Build | Mill |
| 13:44 | Build | Pasture |
| 13:46 | Create | Villager (Male) |
| 13:48 | Build | House |
| 13:50 | Create | Scout Cavalry |
| 13:50 | Create | Scout Cavalry |
| 14:17 | Create | Villager (Male) |
| 14:38 | Create | Villager (Male) |
| 14:41 | Build | Blacksmith |
| 14:46 | Create | Scout Cavalry |
| 14:58 | Build | Pasture |
| 15:14 | Create | Villager (Male) |
| 15:16 | Create | Scout Cavalry |
| 15:16 | Create | Scout Cavalry |
| 15:17 | Create | Villager (Male) |
| 15:20 | Build | House |
| 15:22 | Research | Forging |
| 15:23 | Create | Villager (Male) |
| 15:44 | Build | Mining Camp |
| 15:49 | Create | Villager (Male) |
| 16:09 | Build | House |
| 16:35 | Create | Villager (Male) |
| 16:39 | Build | Market |
| 16:59 | Build | Lumber Camp |
| 17:12 | Create | Villager (Male) |
| 17:42 | Research | Castle Age |
| 17:42 | Research | Castle Age |
| 17:42 | Research | Castle Age |
| 17:42 | Research | Castle Age |
| 17:56 | Create | Scout Cavalry |
| 18:01 | Research | Scale Barding Armor |
| 18:13 | Research | Gold Mining |
| 18:13 | Research | Gold Mining |
| 18:14 | Research | Gold Mining |
| 18:31 | Create | Scout Cavalry |
| 18:54 | Create | Scout Cavalry |
| 19:12 | Build | Mining Camp |
| 19:31 | Build | House |
| 19:38 | Build | House |
| 19:41 | Create | Scout Cavalry |
| 20:24 | Age | Castle Age |
| 20:25 | Research | Light Cavalry (upgrade) |
| 20:29 | Build | Siege Workshop |
| 20:32 | Build | House |
| 20:34 | Create | Villager (Male) |
| 20:36 | Research | Bow Saw |
| 20:40 | Research | Tech 1013 |
| 20:41 | Create | Villager (Male) |
| 20:54 | Build | Siege Workshop |
| 20:56 | Create | Steppe Lancer |
| 20:56 | Create | Steppe Lancer |
| 21:12 | Create | Battering Ram |
| 21:12 | Create | Battering Ram |
| 21:15 | Build | House |
| 21:18 | Create | Steppe Lancer |
| 21:19 | Create | Steppe Lancer |
| 21:19 | Create | Steppe Lancer |
| 21:19 | Create | Steppe Lancer |
| 21:33 | Create | Villager (Male) |
| 21:48 | Create | Battering Ram |
| 21:52 | Build | House |
| 21:53 | Build | House |
| 21:53 | Create | Villager (Male) |
| 22:16 | Create | Battering Ram |
| 22:38 | Research | Chain Barding Armor |
| 22:39 | Research | Chain Barding Armor |
| 22:58 | Create | Scout Cavalry |
| 23:18 | Create | Steppe Lancer |
| 23:18 | Create | Steppe Lancer |
| 23:20 | Create | Villager (Male) |
| 23:21 | Create | Battering Ram |
| 23:22 | Create | Battering Ram |
| 23:22 | Create | Battering Ram |
| 23:22 | Create | Battering Ram |
| 23:24 | Build | House |
Build order — 2-ray
First 150 of 431 actions detected
| 0:01 | Create | Villager (Male) |
| 0:01 | Create | Villager (Male) |
| 0:02 | Build | House |
| 0:03 | Build | House |
| 0:41 | Create | Villager (Male) |
| 0:41 | Create | Villager (Male) |
| 1:29 | Build | Palisade Wall |
| 1:37 | Create | Villager (Male) |
| 1:57 | Create | Villager (Male) |
| 2:27 | Create | Villager (Male) |
| 2:50 | Build | Lumber Camp |
| 2:54 | Create | Villager (Male) |
| 3:14 | Build | Palisade Wall |
| 3:17 | Create | Villager (Male) |
| 3:37 | Build | House |
| 3:43 | Build | Palisade Wall |
| 3:47 | Create | Villager (Male) |
| 4:07 | Build | Palisade Wall |
| 4:14 | Create | Villager (Male) |
| 4:26 | Create | Villager (Male) |
| 4:37 | Build | Palisade Wall |
| 4:37 | Build | Palisade Wall |
| 4:49 | Build | Palisade Wall |
| 4:51 | Build | Palisade Wall |
| 5:00 | Create | Villager (Male) |
| 5:24 | Create | Villager (Male) |
| 5:28 | Build | House |
| 5:42 | Create | Villager (Male) |
| 5:42 | Create | Villager (Male) |
| 5:57 | Build | Dock |
| 6:10 | Build | House |
| 6:12 | Create | Villager (Male) |
| 6:35 | Create | Villager (Male) |
| 6:36 | Create | Villager (Male) |
| 6:41 | Build | House |
| 6:55 | Create | Villager (Male) |
| 6:57 | Create | Fishing Ship |
| 7:18 | Build | Palisade Wall |
| 7:30 | Create | Villager (Male) |
| 7:38 | Build | Mill |
| 8:09 | Create | Fishing Ship |
| 8:12 | Create | Fishing Ship |
| 8:48 | Create | Villager (Male) |
| 8:48 | Create | Villager (Male) |
| 8:48 | Create | Villager (Male) |
| 8:52 | Build | House |
| 8:53 | Build | House |
| 8:59 | Create | Villager (Male) |
| 9:53 | Create | Villager (Male) |
| 10:43 | Research | Feudal Age |
| 11:28 | Build | Mining Camp |
| 11:52 | Build | Mill |
| 12:19 | Build | Mining Camp |
| 12:42 | Create | Fishing Ship |
| 12:44 | Create | Villager (Male) |
| 12:44 | Create | Villager (Male) |
| 12:53 | Age | Feudal Age |
| 13:06 | Build | Market |
| 13:10 | Build | Blacksmith |
| 13:24 | Create | Fishing Ship |
| 13:48 | Research | Castle Age |
| 14:07 | Build | Stone Wall |
| 14:08 | Build | Stone Wall |
| 14:09 | Build | Stone Wall |
| 14:10 | Build | Stone Wall |
| 14:11 | Build | Stone Wall |
| 14:19 | Build | Stone Wall |
| 14:39 | Research | Double-Bit Axe |
| 14:42 | Create | Fishing Ship |
| 14:49 | Build | Fish Trap |
| 14:53 | Build | Fish Trap |
| 14:57 | Build | Fish Trap |
| 15:02 | Build | Fish Trap |
| 15:07 | Build | Fish Trap |
| 15:13 | Create | Fishing Ship |
| 15:32 | Build | Fish Trap |
| 15:57 | Create | Villager (Male) |
| 15:57 | Create | Villager (Male) |
| 16:07 | Research | Horse Collar |
| 16:16 | Build | House |
| 16:23 | Build | House |
| 16:28 | Age | Castle Age |
| 16:37 | Build | Town Center |
| 17:01 | Build | Town Center |
| 17:12 | Create | Villager (Male) |
| 17:25 | Create | Villager (Male) |
| 17:28 | Build | Fish Trap |
| 17:31 | Create | Villager (Male) |
| 17:35 | Research | Bow Saw |
| 17:41 | Create | Villager (Male) |
| 17:41 | Create | Villager (Male) |
| 18:07 | Create | Villager (Male) |
| 18:12 | Build | Farm |
| 18:15 | Build | Farm |
| 18:16 | Build | Farm |
| 18:18 | Create | Villager (Male) |
| 18:25 | Create | Villager (Male) |
| 18:25 | Create | Villager (Male) |
| 18:32 | Build | Farm |
| 18:36 | Build | Farm |
| 18:38 | Build | Farm |
| 18:41 | Build | Farm |
| 18:42 | Create | Villager (Male) |
| 18:45 | Create | Villager (Male) |
| 18:55 | Create | Villager (Male) |
| 19:03 | Build | Farm |
| 19:04 | Create | Villager (Male) |
| 19:06 | Build | Farm |
| 19:23 | Build | Farm |
| 19:24 | Build | Farm |
| 19:26 | Create | Villager (Male) |
| 19:27 | Create | Villager (Male) |
| 19:33 | Create | Fishing Ship |
| 19:34 | Create | Villager (Male) |
| 19:35 | Create | Villager (Male) |
| 19:45 | Build | Farm |
| 19:50 | Create | Villager (Male) |
| 19:59 | Build | Monastery |
| 20:01 | Create | Villager (Male) |
| 20:01 | Create | Villager (Male) |
| 20:20 | Build | Fish Trap |
| 20:21 | Create | Villager (Male) |
| 20:22 | Create | Villager (Male) |
| 20:25 | Build | House |
| 20:26 | Create | Villager (Male) |
| 20:30 | Build | House |
| 20:30 | Build | House |
| 20:31 | Build | House |
| 20:32 | Build | House |
| 20:32 | Build | House |
| 20:33 | Build | House |
| 20:35 | Create | Villager (Male) |
| 20:37 | Build | House |
| 20:37 | Build | House |
| 20:40 | Research | Wheelbarrow |
| 20:54 | Research | Fervor |
| 20:55 | Create | Villager (Male) |
| 21:07 | Create | Villager (Male) |
| 21:10 | Build | Farm |
| 21:13 | Build | Farm |
| 21:14 | Build | Farm |
| 21:16 | Create | Villager (Male) |
| 21:19 | Build | Farm |
| 21:23 | Build | Farm |
| 21:31 | Create | Villager (Male) |
| 21:34 | Create | Monk |
| 21:42 | Build | Farm |
| 21:46 | Build | Farm |
| 21:46 | Build | Farm |
| 21:46 | Build | Farm |
Build order — 鼠條
First 150 of 561 actions detected
| 0:01 | Create | Villager (Male) ×5 |
| 0:02 | Build | House |
| 0:03 | Build | House |
| 1:30 | Create | Villager (Male) |
| 1:41 | Build | Lumber Camp |
| 1:57 | Create | Villager (Male) |
| 1:57 | Create | Villager (Male) |
| 2:13 | Create | Villager (Male) |
| 2:13 | Create | Villager (Male) |
| 2:13 | Create | Villager (Male) |
| 2:46 | Create | Villager (Male) |
| 3:06 | Create | Villager (Male) |
| 3:06 | Create | Villager (Male) |
| 3:30 | Create | Villager (Male) |
| 3:39 | Build | House |
| 3:46 | Create | Villager (Male) |
| 3:47 | Create | Villager (Male) |
| 4:17 | Build | Dock |
| 4:19 | Create | Villager (Male) |
| 4:19 | Create | Villager (Male) |
| 5:02 | Create | Fishing Ship |
| 5:04 | Create | Villager (Male) |
| 5:05 | Create | Villager (Male) |
| 5:08 | Build | House |
| 5:19 | Create | Villager (Male) |
| 5:30 | Create | Fishing Ship |
| 6:03 | Create | Villager (Male) |
| 6:04 | Create | Villager (Male) |
| 6:17 | Create | Villager (Male) |
| 6:17 | Create | Villager (Male) |
| 6:18 | Create | Fishing Ship |
| 6:23 | Build | House |
| 6:32 | Create | Villager (Male) |
| 7:04 | Create | Fishing Ship |
| 7:27 | Build | House |
| 7:32 | Create | Villager (Male) |
| 7:53 | Create | Villager (Male) |
| 7:54 | Create | Villager (Male) |
| 8:09 | Build | Mill |
| 8:28 | Build | House |
| 8:54 | Research | Feudal Age |
| 9:18 | Build | Mining Camp |
| 9:32 | Create | Villager (Male) |
| 9:32 | Create | Villager (Male) |
| 9:50 | Build | Mill |
| 11:18 | Age | Feudal Age |
| 11:19 | Build | Blacksmith |
| 11:21 | Build | Market |
| 11:50 | Research | Double-Bit Axe |
| 12:06 | Research | Castle Age |
| 12:07 | Research | Castle Age |
| 12:09 | Research | Double-Bit Axe |
| 12:51 | Build | Lumber Camp |
| 13:08 | Build | Dock |
| 13:22 | Build | Fish Trap |
| 13:31 | Build | House |
| 13:32 | Build | House |
| 13:45 | Build | Dock |
| 13:54 | Build | Dock |
| 13:58 | Build | Fish Trap |
| 14:00 | Create | Villager (Male) |
| 14:20 | Create | Villager (Male) |
| 14:32 | Age | Castle Age |
| 14:33 | Build | Town Center |
| 14:48 | Create | Villager (Male) |
| 15:01 | Research | Bow Saw |
| 15:06 | Build | Fish Trap |
| 15:17 | Create | Villager (Male) |
| 15:18 | Build | Fish Trap |
| 15:41 | Build | Lumber Camp |
| 15:43 | Create | Villager (Male) |
| 15:52 | Create | Fishing Ship |
| 15:52 | Create | Fishing Ship |
| 15:52 | Create | Fishing Ship |
| 15:55 | Create | Villager (Male) |
| 16:19 | Create | Villager (Male) |
| 16:21 | Create | Villager (Male) |
| 16:27 | Build | Town Center |
| 16:31 | Create | Villager (Male) |
| 16:34 | Create | Fishing Ship |
| 16:48 | Build | Fish Trap |
| 16:50 | Create | Villager (Male) |
| 16:50 | Create | Villager (Male) |
| 17:03 | Create | Villager (Male) |
| 17:04 | Create | Fishing Ship ×3 |
| 17:09 | Create | Villager (Male) |
| 17:14 | Build | House |
| 17:15 | Build | House |
| 17:15 | Build | House |
| 17:17 | Create | Villager (Male) |
| 17:21 | Build | Fish Trap |
| 17:31 | Build | Fish Trap |
| 17:37 | Create | Fishing Ship |
| 17:38 | Create | Fishing Ship |
| 17:38 | Create | Fishing Ship |
| 17:39 | Create | Villager (Male) |
| 17:40 | Create | Villager (Male) |
| 17:50 | Create | Villager (Male) |
| 17:55 | Create | Villager (Male) |
| 17:55 | Create | Villager (Male) |
| 17:59 | Build | Fish Trap |
| 18:03 | Build | Fish Trap |
| 18:12 | Build | Fish Trap |
| 18:17 | Create | Fishing Ship ×3 |
| 18:26 | Build | Fish Trap |
| 18:34 | Create | Villager (Male) |
| 18:34 | Create | Villager (Male) |
| 18:35 | Build | Fish Trap |
| 18:38 | Create | Fishing Ship ×2 |
| 18:44 | Create | Villager (Male) |
| 18:45 | Create | Villager (Male) |
| 18:45 | Create | Villager (Male) |
| 18:50 | Create | Fishing Ship |
| 18:50 | Create | Fishing Ship |
| 18:57 | Build | Dock |
| 19:04 | Build | Fish Trap |
| 19:10 | Build | Fish Trap |
| 19:19 | Build | Fish Trap |
| 19:25 | Create | Villager (Male) |
| 19:25 | Create | Villager (Male) |
| 19:27 | Create | Fishing Ship ×2 |
| 19:33 | Build | Fish Trap |
| 19:39 | Build | Fish Trap |
| 19:45 | Build | Fish Trap |
| 19:46 | Create | Villager (Male) |
| 19:46 | Create | Villager (Male) |
| 19:49 | Create | Villager (Male) |
| 19:49 | Create | Villager (Male) |
| 19:54 | Create | Fishing Ship |
| 19:55 | Create | Fishing Ship |
| 19:55 | Create | Fishing Ship |
| 20:06 | Build | House |
| 20:07 | Build | House |
| 20:08 | Build | House |
| 20:09 | Build | House |
| 20:09 | Build | House |
| 20:10 | Build | House |
| 20:10 | Build | House |
| 20:32 | Build | Fish Trap |
| 20:57 | Build | Fish Trap |
| 20:59 | Create | Villager (Male) |
| 20:59 | Create | Villager (Male) |
| 21:00 | Create | Villager (Male) |
| 21:00 | Create | Villager (Male) |
| 21:00 | Create | Villager (Male) |
| 21:02 | Create | Fishing Ship |
| 21:02 | Create | Fishing Ship |
| 21:03 | Create | Fishing Ship |
| 21:03 | Create | Fishing Ship |
| 21:09 | Build | Fish Trap |
Build order — Artacus
First 150 of 506 actions detected
| 0:02 | Create | Villager (Male) ×4 |
| 0:03 | Build | House |
| 0:05 | Build | House |
| 1:30 | Create | Villager (Male) |
| 1:49 | Build | Lumber Camp |
| 2:00 | Create | Villager (Male) |
| 2:00 | Create | Villager (Male) |
| 2:25 | Create | Villager (Male) |
| 2:25 | Create | Villager (Male) |
| 2:47 | Create | Villager (Male) |
| 2:48 | Create | Villager (Male) |
| 3:12 | Create | Villager (Male) |
| 3:12 | Create | Villager (Male) |
| 3:30 | Build | House |
| 3:41 | Create | Villager (Male) |
| 3:41 | Create | Villager (Male) |
| 3:58 | Create | Villager (Male) |
| 3:58 | Create | Villager (Male) |
| 3:59 | Create | Villager (Male) |
| 4:39 | Create | Villager (Male) |
| 4:53 | Create | Villager (Male) |
| 4:53 | Create | Villager (Male) |
| 5:19 | Create | Villager (Male) |
| 5:20 | Create | Villager (Male) |
| 6:04 | Build | Mill |
| 6:14 | Create | Villager (Male) |
| 6:39 | Create | Villager (Male) |
| 6:39 | Create | Villager (Male) |
| 6:49 | Build | House |
| 7:12 | Create | Villager (Male) |
| 7:12 | Create | Villager (Male) |
| 7:19 | Create | Villager (Male) |
| 7:36 | Build | Mill |
| 7:43 | Build | Mining Camp |
| 8:32 | Research | Loom |
| 8:42 | Research | Feudal Age |
| 11:22 | Age | Feudal Age |
| 11:23 | Create | Villager (Male) |
| 11:52 | Research | Castle Age |
| 11:52 | Research | Castle Age |
| 12:11 | Research | Horse Collar |
| 12:11 | Research | Horse Collar |
| 12:29 | Build | Lumber Camp |
| 12:45 | Research | Double-Bit Axe |
| 12:46 | Research | Double-Bit Axe |
| 12:50 | Build | House |
| 14:06 | Create | Villager (Male) |
| 14:32 | Create | Villager (Male) |
| 14:32 | Age | Castle Age |
| 14:34 | Build | Town Center |
| 14:39 | Build | Town Center |
| 14:44 | Research | Heavy Plow |
| 14:45 | Research | Heavy Plow |
| 15:12 | Create | Villager (Male) |
| 15:29 | Create | Villager (Male) |
| 15:36 | Build | Farm |
| 15:37 | Build | Farm |
| 15:38 | Build | Farm |
| 15:40 | Build | Farm |
| 15:40 | Build | Farm |
| 15:41 | Build | Farm |
| 15:42 | Build | Farm |
| 15:44 | Create | Villager (Male) |
| 15:52 | Build | Farm |
| 15:53 | Build | Farm |
| 15:55 | Build | Farm |
| 16:04 | Build | Farm |
| 16:08 | Create | Villager (Male) |
| 16:16 | Create | Villager (Male) |
| 16:17 | Create | Villager (Male) |
| 16:29 | Build | Farm |
| 16:30 | Create | Villager (Male) |
| 16:38 | Create | Villager (Male) |
| 16:43 | Create | Villager (Male) |
| 16:47 | Create | Villager (Male) |
| 16:48 | Create | Villager (Male) |
| 16:54 | Build | Farm |
| 17:00 | Create | Villager (Male) |
| 17:14 | Create | Villager (Male) |
| 17:28 | Create | Villager (Male) |
| 17:30 | Create | Villager (Male) |
| 17:30 | Create | Villager (Male) |
| 17:33 | Build | House |
| 17:36 | Build | House |
| 17:43 | Create | Villager (Male) |
| 17:43 | Create | Villager (Male) |
| 17:49 | Build | Lumber Camp |
| 17:53 | Create | Villager (Male) |
| 18:06 | Create | Villager (Male) |
| 18:10 | Create | Villager (Male) |
| 18:11 | Create | Villager (Male) |
| 18:13 | Build | Farm |
| 18:19 | Create | Villager (Male) |
| 18:22 | Create | Villager (Male) |
| 18:25 | Build | Farm |
| 18:37 | Create | Villager (Male) |
| 18:41 | Build | Farm |
| 18:46 | Create | Villager (Male) |
| 19:02 | Build | House |
| 19:04 | Create | Villager (Male) |
| 19:10 | Build | House |
| 19:17 | Build | Town Center |
| 19:25 | Create | Villager (Male) |
| 19:25 | Create | Villager (Male) |
| 19:26 | Create | Villager (Male) |
| 19:30 | Build | Farm |
| 19:31 | Build | House |
| 19:33 | Build | House |
| 19:48 | Build | Farm |
| 19:53 | Create | Villager (Male) |
| 19:53 | Create | Villager (Male) |
| 19:54 | Create | Villager (Male) |
| 20:03 | Build | Farm |
| 20:06 | Create | Villager (Male) |
| 20:06 | Create | Villager (Male) |
| 20:13 | Build | Farm |
| 20:16 | Create | Villager (Male) |
| 20:18 | Build | Farm |
| 20:19 | Build | Farm |
| 20:20 | Build | Farm |
| 20:28 | Build | Farm |
| 20:31 | Create | Villager (Male) |
| 20:31 | Create | Villager (Male) |
| 20:36 | Create | Villager (Male) |
| 20:43 | Create | Villager (Male) |
| 20:44 | Create | Villager (Male) |
| 20:50 | Create | Villager (Male) |
| 20:51 | Create | Villager (Male) |
| 20:55 | Build | Town Center |
| 21:00 | Create | Villager (Male) |
| 21:00 | Create | Villager (Male) |
| 21:11 | Build | Monastery |
| 21:13 | Create | Villager (Male) |
| 21:13 | Create | Villager (Male) |
| 21:20 | Create | Villager (Male) |
| 21:21 | Create | Villager (Male) |
| 21:22 | Create | Villager (Male) |
| 21:29 | Build | Farm |
| 21:30 | Build | Farm |
| 21:31 | Build | Farm |
| 21:33 | Build | Farm |
| 21:40 | Create | Villager (Male) |
| 21:40 | Create | Villager (Male) |
| 21:41 | Create | Villager (Male) |
| 21:51 | Build | Farm |
| 21:53 | Build | Farm |
| 21:54 | Create | Villager (Male) |
| 21:55 | Create | Villager (Male) |
| 21:55 | Create | Villager (Male) |
| 21:58 | Build | Farm |
Build order — The Sage
First 150 of 408 actions detected
| 0:01 | Create | Villager (Male) |
| 0:01 | Create | Villager (Male) |
| 0:01 | Create | Villager (Male) |
| 0:02 | Build | House |
| 0:03 | Build | House |
| 0:15 | Create | Villager (Male) |
| 0:15 | Create | Villager (Male) |
| 0:21 | Research | Loom |
| 0:33 | Create | Villager (Male) |
| 0:40 | Create | Villager (Male) |
| 0:47 | Create | Villager (Male) |
| 0:53 | Build | Palisade Wall |
| 1:57 | Create | Villager (Male) |
| 1:58 | Create | Villager (Male) |
| 2:22 | Build | Palisade Wall |
| 2:26 | Build | Palisade Wall |
| 2:35 | Create | Villager (Male) |
| 2:35 | Create | Villager (Male) |
| 2:46 | Build | Palisade Wall |
| 3:02 | Create | Villager (Male) |
| 3:02 | Create | Villager (Male) |
| 3:31 | Create | Villager (Male) |
| 3:31 | Create | Villager (Male) |
| 4:18 | Create | Villager (Male) |
| 4:18 | Create | Villager (Male) |
| 4:39 | Create | Villager (Male) |
| 4:39 | Create | Villager (Male) |
| 5:23 | Build | Settlement |
| 5:24 | Create | Villager (Male) |
| 5:24 | Create | Villager (Male) |
| 5:34 | Create | Villager (Male) |
| 5:35 | Create | Villager (Male) |
| 5:39 | Build | Palisade Wall |
| 6:15 | Create | Villager (Male) |
| 6:15 | Create | Villager (Male) |
| 6:28 | Create | Villager (Male) |
| 7:02 | Create | Villager (Male) |
| 7:02 | Create | Villager (Male) |
| 7:31 | Create | Villager (Male) |
| 7:33 | Create | Villager (Male) |
| 7:42 | Build | Settlement |
| 7:47 | Create | Villager (Male) |
| 8:03 | Create | Villager (Male) |
| 8:36 | Create | Villager (Male) |
| 9:39 | Create | Villager (Male) |
| 9:48 | Build | Settlement |
| 9:54 | Research | Feudal Age |
| 10:25 | Build | Dock |
| 11:10 | Create | Fishing Ship |
| 11:52 | Create | Villager (Male) |
| 11:54 | Create | Fishing Ship |
| 11:55 | Create | Villager (Male) |
| 12:18 | Age | Feudal Age |
| 12:25 | Build | Stone Wall |
| 12:29 | Build | Settlement |
| 12:41 | Create | Villager (Male) |
| 12:59 | Create | Fishing Ship |
| 13:15 | Create | Villager (Male) |
| 13:29 | Create | Fishing Ship |
| 13:32 | Create | Villager (Male) |
| 13:40 | Build | Market |
| 14:09 | Build | Watch Tower |
| 14:15 | Create | Fishing Ship |
| 14:24 | Create | Villager (Male) |
| 14:40 | Build | Blacksmith |
| 14:45 | Create | Villager (Male) |
| 15:05 | Create | Fishing Ship |
| 15:17 | Create | Villager (Male) |
| 15:45 | Research | Castle Age |
| 15:45 | Research | Castle Age |
| 16:39 | Research | Tech 906 |
| 16:44 | Research | Double-Bit Axe |
| 17:01 | Research | Horse Collar |
| 18:07 | Create | Villager (Male) |
| 18:07 | Create | Villager (Male) |
| 18:25 | Age | Castle Age |
| 18:35 | Build | Town Center |
| 18:48 | Build | Dock |
| 18:51 | Create | Villager (Male) |
| 19:02 | Build | Town Center |
| 19:04 | Create | Villager (Male) |
| 19:07 | Build | Town Center |
| 19:14 | Build | Fish Trap |
| 19:30 | Create | Villager (Male) |
| 19:30 | Create | Villager (Male) |
| 19:32 | Build | House |
| 19:59 | Create | Villager (Male) |
| 20:01 | Create | Villager (Male) |
| 20:07 | Create | Fishing Ship |
| 20:07 | Create | Fishing Ship |
| 20:09 | Create | Villager (Male) |
| 20:09 | Create | Villager (Male) |
| 20:17 | Create | Villager (Male) |
| 20:24 | Build | Fish Trap |
| 20:34 | Build | Fish Trap |
| 20:43 | Create | Villager (Male) |
| 20:45 | Build | Farm |
| 21:03 | Build | Fish Trap |
| 21:06 | Build | Fish Trap |
| 21:07 | Build | Fish Trap |
| 21:11 | Create | Fishing Ship |
| 21:11 | Create | Fishing Ship |
| 21:21 | Build | Fish Trap |
| 21:28 | Build | Fish Trap |
| 21:31 | Build | Farm |
| 21:33 | Build | Farm |
| 21:36 | Build | Farm |
| 21:40 | Build | Farm |
| 21:43 | Build | Farm |
| 21:47 | Build | Farm |
| 21:49 | Build | Farm |
| 21:50 | Build | Farm |
| 22:02 | Build | Fish Trap |
| 22:06 | Create | Fishing Ship |
| 22:06 | Create | Fishing Ship |
| 22:09 | Create | Villager (Male) |
| 22:09 | Create | Villager (Male) |
| 22:13 | Build | Fish Trap |
| 22:16 | Build | Farm |
| 22:20 | Build | Farm |
| 22:24 | Create | Villager (Male) |
| 22:25 | Create | Villager (Male) |
| 22:29 | Build | Farm |
| 22:32 | Build | Farm |
| 22:38 | Build | Farm |
| 22:39 | Build | Farm |
| 22:40 | Build | Farm |
| 22:41 | Create | Villager (Male) ×2 |
| 22:42 | Create | Villager (Male) ×2 |
| 22:51 | Build | Farm |
| 22:52 | Build | Farm |
| 22:54 | Create | Villager (Male) |
| 22:54 | Create | Villager (Male) |
| 22:56 | Build | Farm |
| 22:57 | Build | Farm |
| 22:58 | Create | Villager (Male) |
| 22:58 | Create | Villager (Male) |
| 23:04 | Create | Villager (Male) |
| 23:04 | Create | Villager (Male) |
| 23:08 | Create | Fishing Ship |
| 23:08 | Create | Fishing Ship |
| 23:14 | Create | Villager (Male) |
| 23:15 | Create | Villager (Male) |
| 23:19 | Build | Farm |
| 23:26 | Build | Farm |
| 23:27 | Create | Villager (Male) |
| 23:27 | Create | Villager (Male) |
| 23:40 | Build | Stone Wall |
| 23:46 | Build | Siege Workshop |
| 23:47 | Create | Villager (Male) |
Match timeline
| 0:21 | PedrodeMatos · wall_segment Palisade Wall x6 |
| 0:24 | PedrodeMatos · wall_segment Palisade Wall x8 |
| 0:32 | PedrodeMatos · wall_segment Palisade Wall x11 |
| 0:41 | PedrodeMatos · wall_segment Palisade Wall x8 |
| 0:53 | The Sage · wall_segment Palisade Wall x10 |
| 1:29 | 2-ray · wall_segment Palisade Wall x7 |
| 2:22 | The Sage · wall_segment Palisade Wall x1 |
| 2:26 | The Sage · wall_segment Palisade Wall x1 |
| 2:46 | The Sage · wall_segment Palisade Wall x1 |
| 3:14 | 2-ray · wall_segment Palisade Wall x3 |
| 3:43 | 2-ray · wall_segment Palisade Wall x6 |
| 3:44 | noob · wall_segment Palisade Wall x1 |
| 3:47 | noob · wall_segment Palisade Wall x1 |
| 4:07 | 2-ray · wall_segment Palisade Wall x3 |
| 4:17 | 鼠條 · first_building Dock |
| 4:37 | 2-ray · wall_segment Palisade Wall x1 |
| 4:37 | 2-ray · wall_segment Palisade Wall x1 |
| 4:49 | 2-ray · wall_segment Palisade Wall x1 |
| 4:51 | 2-ray · wall_segment Palisade Wall x1 |
| 5:15 | dadadada · first_building Dock |
| 5:39 | The Sage · wall_segment Palisade Wall x1 |
| 5:57 | PedrodeMatos · first_building Dock |
| 5:57 | 2-ray · first_building Dock |
| 7:18 | 2-ray · wall_segment Palisade Wall x3 |
| 7:42 | noob · wall_segment Palisade Wall x5 |
| 7:56 | The•Real•SuperStar☺ · first_building Barracks |
| 8:48 | noob · first_building Barracks |
| 8:58 | The•Real•SuperStar☺ · age_up feudal |
| 9:45 | The•Real•SuperStar☺ · first_building Stable |
| 10:25 | The Sage · first_building Dock |
| 11:18 | 鼠條 · age_up feudal |
| 11:22 | Artacus · age_up feudal |
| 11:52 | PedrodeMatos · age_up feudal |
| 12:18 | The Sage · age_up feudal |
| 12:21 | dadadada · age_up feudal |
| 12:25 | The Sage · wall_segment Stone Wall x10 |
| 12:53 | 2-ray · age_up feudal |
| 13:01 | noob · age_up feudal |
| 13:13 | noob · first_building Archery Range |
| 14:07 | 2-ray · wall_segment Stone Wall x4 |
| 14:08 | 2-ray · wall_segment Stone Wall x2 |
| 14:09 | 2-ray · wall_segment Stone Wall x1 |
| 14:10 | 2-ray · wall_segment Stone Wall x1 |
| 14:11 | 2-ray · wall_segment Stone Wall x1 |
| 14:19 | 2-ray · wall_segment Stone Wall x7 |
| 14:32 | 鼠條 · age_up castle |
| 14:32 | Artacus · age_up castle |
| 15:18 | The Sage · first_market_buy 100 food |
| 15:31 | The Sage · first_market_sell 100 wood |
| 16:28 | 2-ray · age_up castle |
| 16:30 | 2-ray · first_market_buy 100 wood |
| 16:40 | PedrodeMatos · age_up castle |
| 17:10 | noob · wall_segment Palisade Wall x1 |
| 17:13 | noob · wall_segment Palisade Wall x1 |
| 17:28 | noob · wall_segment Palisade Wall x1 |
| 18:19 | dadadada · age_up castle |
| 18:20 | dadadada · first_market_buy 100 wood |
| 18:25 | The Sage · age_up castle |
| 18:52 | PedrodeMatos · first_building Monastery |
| 19:15 | dadadada · first_market_sell 100 food |
| 19:41 | noob · wall_segment Palisade Wall x1 |
| 19:42 | noob · wall_segment Palisade Wall x1 |
| 19:59 | 2-ray · first_building Monastery |
| 20:24 | The•Real•SuperStar☺ · age_up castle |
| 20:29 | The•Real•SuperStar☺ · first_building Siege Workshop |
| 20:49 | dadadada · first_building Monastery |
| 20:52 | 2-ray · first_market_sell 100 food |
| 20:54 | noob · age_up castle |
| 21:11 | Artacus · first_building Monastery |
| 21:11 | The•Real•SuperStar☺ · first_market_buy 100 wood |
| 23:40 | The Sage · wall_segment Stone Wall x5 |
| 23:46 | The Sage · first_building Siege Workshop |
| 23:47 | 2-ray · first_building Castle |
| 23:56 | dadadada · first_building Castle |
| 23:58 | The Sage · wall_segment Stone Wall x4 |
| 24:09 | The Sage · wall_segment Stone Wall x5 |
| 24:16 | dadadada · wall_segment Stone Wall x11 |
| 24:36 | The Sage · wall_segment Stone Wall x2 |
| 24:39 | 鼠條 · first_building Monastery |
| 24:40 | The Sage · wall_segment Stone Wall x6 |
| 25:17 | The Sage · wall_segment Stone Wall x9 |
| 25:32 | 2-ray · first_building Siege Workshop |
| 25:43 | 2-ray · first_building Barracks |
| 25:46 | Artacus · first_building Stable |
| 26:13 | 鼠條 · first_building Castle |
| 26:38 | noob · first_market_buy 100 stone |
| 26:43 | The•Real•SuperStar☺ · resign |
| 27:06 | The Sage · wall_segment Stone Wall x1 |
| 27:10 | PedrodeMatos · first_market_buy 100 stone |
| 27:17 | PedrodeMatos · first_building Castle |
| 27:38 | PedrodeMatos · age_up imperial |
| 28:00 | 2-ray · age_up imperial |
| 28:02 | 鼠條 · wall_segment Stone Wall x8 |
| 28:13 | The Sage · first_building Barracks |
| 28:17 | noob · wall_segment Stone Wall x3 |
| 28:33 | Artacus · first_building Castle |
| 28:58 | dadadada · first_building Barracks |
| 29:16 | The Sage · first_building Monastery |
| 29:26 | dadadada · age_up imperial |
| 29:35 | PedrodeMatos · first_building Barracks |
| 29:44 | Artacus · age_up imperial |
| 29:58 | noob · wall_segment Stone Wall x11 |
| 30:06 | dadadada · first_building Siege Workshop |
| 30:26 | dadadada · first_building Stable |
| 30:35 | The Sage · first_building Castle |
| 30:53 | noob · wall_segment Stone Wall x1 |
| 30:57 | noob · first_building Castle |
| 31:00 | 鼠條 · first_building Barracks |
| 31:59 | 鼠條 · age_up imperial |
| 32:01 | noob · wall_segment Stone Wall x6 |
| 32:03 | PedrodeMatos · first_building Archery Range |
| 32:08 | 鼠條 · first_market_buy 100 food |
| 32:32 | Artacus · first_market_sell 500 food |
| 32:56 | noob · first_market_sell 100 stone |
| 33:00 | 鼠條 · first_building Stable |
| 33:13 | The Sage · age_up imperial |
| 35:22 | dadadada · first_building Archery Range |
| 36:51 | PedrodeMatos · first_market_sell 500 food |
| 37:15 | noob · age_up imperial |
| 38:23 | 2-ray · first_building Archery Range |
| 40:13 | noob · wall_segment Stone Wall x1 |
[ AI ANALYSIS · 1 CREDIT ]
What really happened in this match?
Wolo.gg analyzes every decision: build order, eco, micro, common mistakes by bracket. Personalized analysis on WhatsApp or Discord in 30 seconds.
Civ guide
Vietnamese
Perfil
Jugador #4477443